 Dungeon Crawl Stone Soup version 0.18-b1-22-ge198996 (webtiles) character file.

5445 HaroldButt the Grappler (level 10, -7/81 HPs)
             Began as a Demonspawn Gladiator on May 2, 2016.
             Was a High Priest of Okawaru.
             Mangled by a spark wasp (15 damage)
             ... on level 9 of the Dungeon on May 3, 2016.
             The game lasted 00:35:44 (8652 turns).

HaroldButt the Grappler (Demonspawn Gladiator)      Turns: 8652, Time: 00:35:45

Health: -7/81      AC: 14    Str: 17    XL:     10   Next: 41%
Magic:  10/10      EV: 16    Int:  9    God:    Okawaru [*****.]
Gold:   508        SH:  0    Dex: 16    Spells: 0 memorised, 9 levels left

rFire  . . .     SeeInvis .       - Unarmed
rCold  . . .     Gourm    .     J - +0 leather armour {MR+}
rNeg   . . .     Faith    +     (no shield)
rPois  +         Spirit   .     b - +2 helmet
rElec  .         Dismiss  .     n - +1 cloak
rCorr  .         Reflect  .     a - +2 pair of gloves
SustAt .         Harm     .     (no boots)
MR     ++...                    z - amulet of faith
Stlth  ++++......               (no ring)
                                h - ring of protection from magic

@: exhausted, about to teleport, very slightly contaminated, slowed, very slow,
very resistant to hostile enchantments, stealthy
A: talons 2, thin metallic scales 1, demonic guardian 1, nightstalker 3, poison
resistance, robust 1, wild magic 1
a: Heroism, Finesse, Renounce Religion


You were on level 9 of the Dungeon.
You worshipped Okawaru.
Okawaru was extremely pleased with you.
You were not hungry.

You visited 2 branches of the dungeon, and saw 10 of its levels.
You also visited: Sewer and Ossuary.

You collected 508 gold pieces.

Inventory:

Missiles
 c - 4 throwing nets (quivered)
 y - 8 curare-tipped needles
Armour
 a - a +2 pair of gloves (worn)
 b - a +2 helmet (worn)
 m - a +0 plate armour
 n - a +1 cloak (worn)
 J - a +0 leather armour of magic resistance (worn)
Jewellery
 h - a ring of protection from magic (left hand)
 r - an uncursed ring of wizardry
 t - an uncursed ring of fire
 z - an amulet of faith (around neck)
Wands
 v - a wand of paralysis (11/24)
 B - a wand of iceblast (13/15)
 F - a wand of confusion (38/48)
Scrolls
 f - 3 scrolls of teleportation
 g - 2 scrolls of amnesia
 p - 4 scrolls of remove curse
 C - 2 scrolls of identify
 E - a scroll of magic mapping
 H - a scroll of fog
Potions
 e - 7 potions of heal wounds
 j - a potion of ambrosia
 o - a potion of invisibility
 q - a potion of magic
 s - 5 potions of brilliance
 u - 2 potions of curing
 w - 2 potions of resistance
 A - a potion of might
Books
 i - a book of Debilitation

   Spells                             Type                      Level
   a - Corona                         Hexes                        1
   b - Slow                           Hexes                        2
   c - Gell's Gravitas                Hexes/Translocation          3
   d - Inner Flame                    Hexes/Fire                   3
   e - Cause Fear                     Hexes                        4
   f - Leda's Liquefaction            Hexes/Earth                  4
 x - a book of Dreams

   Spells                             Type                      Level
   a - Ensorcelled Hibernation        Hexes/Ice                    2
   b - Silence                        Hexes/Air                    5
   c - Darkness                       Hexes                        6
   d - Shadow Creatures               Summoning                    6
 G - a book of Fire

   Spells                             Type                      Level
   a - Ignite Poison                  Fire/Transmutation/Poison    3
   b - Fireball                       Conjuration/Fire             5
   c - Bolt of Fire                   Conjuration/Fire             6
   d - Delayed Fireball               Conjuration/Fire             7
   e - Ring of Flames                 Charms/Fire                  7
Comestibles
 d - 7 bread rations
 l - 7 meat rations
 D - a slice of pizza
 I - 8 chunks of flesh


   Skills:
 - Level 5.0 Fighting
 - Level 1.7 Throwing
 - Level 5.0 Armour
 - Level 6.5 Dodging
 + Level 11.3 Unarmed Combat


You had 9 spell levels left.
You didn't know any spells.

Dungeon Overview and Level Annotations

Branches:
Dungeon (9/15)             Temple (1/1) D:5
   Lair: D:8-11         Orc: D:9-12

Altars:
Ashenzari
Cheibriados
Dithmenos
Elyvilon
Fedhas
Gozag
Kikubaaqudgha
Nemelex Xobeh
Okawaru
Pakellas
Ru
Sif Muna
Trog
Xom
Yredelemnul
Zin
The Shining One


Innate Abilities, Weirdness & Mutations

You have razor-sharp toenails.
You are partially covered in thin metallic scales (AC +2).
A weak demonic guardian rushes to your aid.
You are completely attuned to the shadows.
Your system is resistant to poisons.
You are robust (+10% HP).
Your spells are a little harder to cast, but a little more powerful.


Message History

* * * LOW HITPOINT WARNING * * *
The spark wasp stings your white imp!
Your white imp dies!
You feel a strong urge to attack something.
You are no longer berserk.
You are exhausted.
You feel yourself slow down.
There is a stone staircase leading up here.
Read which item? (? for menu, Esc to quit)
Blink to where?
Press: ? - help, Dir - move target cursor You are very lightly contaminated with residual magic.
As you read the scroll of blinking, it crumbles to dust.
Read which item? (? for menu, Esc to quit)
As you read the scroll of teleportation, it crumbles to dust.
You feel strangely unstable. The spark wasp closely misses you.
The spark wasp stings you.
* * * LOW HITPOINT WARNING * * *
The spark wasp shocks you!
You die...

............. .......
###........#######+##
#####.....
..#.....(..#........#
....#.....
..#........#........#
....#.....
..#.....[..#.......§#
....#.####
..#........#........#
....'.# #
..#........+........#
....#.# #
..#.....>..#....y...#
....#.####
..#.......>#....@...#
....#.....
....≈......#####'####
#+###.....
.≈..≈≈≈...........#
#.........
....≈≈≈≈.......##.#
#.........
..####≈#.......##.#
#......... ..#
#.......##.#
#......... ..#
+≈......##.#
#......... ≈≈≈≈
>≈+.......##.#
....)....
≈≈≈≈≈≈≈#≈......##.#
.........


You could see a spark wasp.

Vanquished Creatures
  Erolcha (D:9)
  The ghost of Xenophilius the Skirmisher, an amateur OgAs (Ossuary)
  A wraith (Ossuary)
  A hungry ghost (D:9)
  A hippogriff (D:7)
  Grum (D:8)
  The ghost of onionterror the Changer, an amateur MfTm of Ashenzari (D:4)
  Menkaure (D:6)
  Edmund (D:6)
  Duvessa (D:6)
  A water moccasin (D:8)
  2 phantoms
  2 orc warriors
  A black bear (D:8)
  An ogre (D:5)
  A wolf (D:8)
  2 centaurs
  4 giant frogs
  Dowan (D:6)
  A wyvern zombie (D:6)
  2 scorpions
  8 killer bees
  3 wights (D:7)
  A howler monkey (D:5)
  4 crimson imps
  4 jellies
  A human zombie (Ossuary)
  5 orc priests
  2 giant frog skeletons (D:7)
  4 hounds
  5 orc wizards
  2 centaur skeletons
  2 iguanas
  4 worker ants
  4 mummies
  3 worker ant zombies
  6 gnolls
  9 adders
  4 river rats (D:4)
  A shadow imp (D:9)
  A worm (D:4)
  4 giant geckos
  17 orcs
  5 giant cockroaches
  9 goblins
  6 hobgoblins
  14 jackals
  5 quokkas
  2 ball pythons (Sewer)
  6 bats
  A giant cockroach zombie (D:5)
  9 giant newts
  A gnoll zombie (Ossuary)
  3 goblin zombies (Ossuary)
  4 kobolds
  A kobold zombie (Ossuary)
  9 rats
197 creatures vanquished.

Vanquished Creatures (collateral kills)
  A black mamba (shapeshifter) (D:9)
  A hippogriff (D:8)
  An ogre (D:4)
  A gnoll sergeant (D:9)
  A scorpion (D:5)
  A crimson imp (D:9)
  An orc wizard (D:5)
  3 gnolls (D:9)
  2 giant cockroaches
12 creatures vanquished.

Vanquished Creatures (others)
  A wolf (D:8)
  An orc wizard (D:3)
  A gnoll (D:9)
  A goblin zombie (Ossuary)
4 creatures vanquished.

Grand Total: 213 creatures vanquished

Notes
Turn   | Place    | Note
--------------------------------------------------------------
     0 | D:1      | HaroldButt the Demonspawn Gladiator began the quest for the Orb.
     0 | D:1      | Reached XP level 1. HP: 16/16 MP: 1/1
   200 | D:1      | Reached skill level 3 in Unarmed Combat
   241 | D:1      | Gained mutation: You have sharp toenails. [demonic ancestry]
   241 | D:1      | Reached XP level 2. HP: 22/22 MP: 2/2
   706 | D:1      | Gained mutation: Your spells are a little harder to cast, but a little more powerful. [potion of beneficial mutation]
   865 | D:3      | Found a faded altar to an unknown god.
   877 | D:3      | Reached XP level 3. HP: 15/27 MP: 3/3
  1203 | D:4      | Noticed onionterror's ghost (amateur MfTm)
  1213 | D:4      | Reached skill level 4 in Unarmed Combat
  1214 | D:4      | Gained mutation: Your system is resistant to poisons. [potion of mutation]
  1214 | D:4      | Gained mutation: You are robust (+10% HP). [potion of mutation]
  1235 | D:4      | Gained mutation: You have razor-sharp toenails. [demonic ancestry]
  1235 | D:4      | Reached XP level 4. HP: 26/36 MP: 4/4
  1249 | D:4      | Killed onionterror's ghost
  1249 | D:4      | Reached skill level 5 in Unarmed Combat
  1249 | D:4      | Gained mutation: A weak demonic guardian rushes to your aid. [demonic ancestry]
  1249 | D:4      | Reached XP level 5. HP: 12/41 MP: 5/5
  1280 | D:4      | Found a glowing drain.
  1289 | Sewer    | Entered a sewer
  1875 | D:4      | Reached skill level 6 in Unarmed Combat
  2025 | D:4      | Gained mutation: You are slightly more attuned to the shadows. [demonic ancestry]
  2025 | D:4      | Reached XP level 6. HP: 46/48 MP: 6/6
  2191 | D:4      | Reached skill level 7 in Unarmed Combat
  2231 | D:4      | Gained mutation: You are partially covered in thin metallic scales (AC +2). [demonic ancestry]
  2231 | D:4      | Reached XP level 7. HP: 32/55 MP: 7/7
  2657 | D:3      | Found a deep blue altar of Sif Muna.
  2759 | D:3      | Found a glowing silver altar of Zin.
  3410 | D:5      | Entered Level 5 of the Dungeon
  3553 | D:5      | Found a staircase to the Ecumenical Temple.
  3560 | Temple   | Entered the Ecumenical Temple
  3561 | Temple   | Upgraded the game from 0.18-b1-18-g7758cf2 to 0.18-b1-22-ge198996
  3629 | Temple   | Became a worshipper of Warmaster Okawaru
  3828 | D:5      | Reached skill level 8 in Unarmed Combat
  3902 | D:5      | Found a sparkling altar of Nemelex Xobeh.
  4121 | D:5      | Found a sparkling altar of Nemelex Xobeh.
  4280 | D:5      | Found a blossoming altar of Fedhas.
  4310 | D:5      | Reached skill level 1 in Armour
  4442 | D:6      | Noticed Duvessa
  4442 | D:6      | Noticed Menkaure
  4512 | D:6      | Found a sand-covered staircase.
  4526 | Ossuary  | Entered an ossuary
  4526 | Ossuary  | Noticed Xenophilius's ghost (amateur OgAs)
  4526 | Ossuary  | Noticed a wraith
  4526 | Ossuary  | Noticed a wraith
  4541 | Ossuary  | Killed Xenophilius's ghost
  4541 | Ossuary  | Reached * piety under Okawaru
  4541 | Ossuary  | Reached XP level 8. HP: 43/61 MP: 8/8
  5263 | D:6      | Noticed Dowan
  5290 | D:6      | Killed Menkaure
  5290 | D:6      | Reached ** piety under Okawaru
  5304 | D:6      | Killed Duvessa
  5306 | D:6      | Reached skill level 5 in Dodging
  5330 | D:6      | Killed Dowan
  5556 | D:6      | Noticed Edmund
  5568 | D:6      | Killed Edmund
  5960 | D:7      | Reached skill level 5 in Armour
  5988 | D:7      | Gained mutation: You are significantly more attuned to the shadows. [demonic ancestry]
  5988 | D:7      | Reached XP level 9. HP: 63/67 MP: 9/9
  5989 | D:7      | Reached *** piety under Okawaru
  6396 | D:7      | Found a sacrificial altar of Ru.
  6501 | D:7      | Got a ripped robe
  6513 | D:7      | Identified the +1 robe "Amydwyn" {rPois rF- rN+++ MR-} (You took it off a crimson imp on level 7 of the Dungeon)
  6673 | D:7      | Received a gift from Okawaru
  6926 | D:8      | Reached skill level 9 in Unarmed Combat
  7148 | D:8      | Reached **** piety under Okawaru
  7319 | D:8      | Reached skill level 5 in Fighting
  7703 | D:8      | Reached skill level 10 in Unarmed Combat
  7708 | D:8      | Noticed Grum
  7726 | D:8      | Gained mutation: You are completely attuned to the shadows. [demonic ancestry]
  7726 | D:8      | Reached XP level 10. HP: 58/81 MP: 10/10
  7783 | D:8      | Killed Grum
  7911 | D:8      | Reached ***** piety under Okawaru
  8079 | D:9      | Noticed Erolcha
  8090 | D:9      | Killed Erolcha
  8165 | D:9      | Received a gift from Okawaru
  8215 | D:9      | Reached skill level 11 in Unarmed Combat
  8511 | D:9      | Noticed a black mamba
  8511 | D:9      | a spriggan changed into a black mamba
  8515 | D:9      | Killed a black mamba
  8637 | D:9      | Noticed an eight-headed hydra
  8640 | D:9      | Noticed a spark wasp
  8640 | D:9      | an eight-headed hydra changed into a spark wasp
  8652 | D:9      | Mangled by a spark wasp

Skill      XL: |  1  2  3  4  5  6  7  8  9 10 |
---------------+-------------------------------+-----
Unarmed Combat | 3 4 5 6 7 8 10 11 | 11.3
Armour         | 2 5 |  5.0
Dodging        | 3 5 6 |  6.5
Fighting       | 5 |  5.0
Throwing       | |  1.7

Action                   |  1- 3 |  4- 6 |  7- 9 | 10-12 || total
-------------------------+-------+-------+-------+-------++-------
Melee: Unarmed           |   106 |   141 |   602 |    86 ||   935
       Kick              |    22 |    33 |   174 |    25 ||   254
       Punch             |       |     4 |    33 |     5 ||    42
Evoke: Wand              |       |       |     1 |       ||     1
       Deck              |       |       |       |     5 ||     5
  Use: Scroll            |     5 |     2 |    19 |     5 ||    31
       Potion            |     7 |       |     4 |     2 ||    13
 Stab: Sleeping          |       |     1 |    13 |     2 ||    16
  Eat: Chunk             |       |     5 |    13 |     4 ||    22
       Meat ration       |       |       |     1 |       ||     1
Armor: Leather armour    |     3 |       |       |    23 ||    26
       Ring mail         |    19 |    33 |   174 |    11 ||   237
       Skin              |       |       |     7 |       ||     7
Dodge: Dodged            |    72 |    62 |   320 |    44 ||   498
